 Dungeon Crawl Stone Soup version bcrawl-1.35.4b (webtiles) character file.

Game seed: 6274505174465853770

87684 Dulis131 the Grave Robber (level 3, -3/24 HPs)
             Began as a Vampire Necromancer on Jan 30, 2022.
             Slain by a worker ant (5 damage)
             ... on level 3 of the Dungeon.
             The game lasted 00:09:25 (2013 turns).

Dulis131 the Grave Robber (Vampire Necromancer)     Turns: 2013, Time: 00:09:25

Health: -3/24      AC:  2    Str: 12    XL:     3   Next: 37%
Magic:  6/6        EV: 12    Int: 15    God:
Gold:   214        SH:  0    Dex: 13    Spells: 4/6 levels left

rFire    . . .     SeeInvis +   a - +1 dagger
rCold    . . .     Gourm    .   (no shield)
rNeg     + . .     Faith    .   b - +0 robe
rPois    .         Spirit   .   (no helmet)
rElec    .         Reflect  .   (no cloak)
rCorr    .                      (no gloves)
MR       .....                  (no boots)
Stlth    +++.......             (no amulet)
HPRegen  0.08/turn              (no ring)
MPRegen  0.10/turn              (no ring)

@: lethally poisoned (-3 -> -8)
A: claws 1, fangs 3, see invisible, unbreathing
a: no special abilities


You were on level 3 of the Dungeon.
You were not thirsty.

You visited 1 branch of the dungeon, and saw 3 of its levels.

You collected 214 gold pieces.

Inventory:

Hand Weapons
 a - a +1 dagger (weapon)
 e - a +1 whip of electrocution
Missiles
 l - 93 javelins (quivered)
Armour
 b - a +0 robe (worn)
 m - a cursed +0 leather armour
Scrolls
 d - a scroll of teleportation {unknown}
 f - 2 scrolls of enchant weapon {unknown}
 g - a scroll of blinking {unknown}
 h - a scroll of enchant armour {unknown}
 n - a scroll of amnesia {unknown}
Potions
 c - a potion of resistance {unknown}
 i - a potion of curing {unknown}
 j - a potion of agility {unknown}
 k - 2 potions of flight {unknown}
 q - 7 potions of blood


   Skills:
 + Level 0.1 Fighting
 + Level 2.5 Dodging
 + Level 3.6 Stealth
 + Level 2.4 Spellcasting
 + Level 5.1 Necromancy


You had 4 spell levels left.
You knew the following spells:

 Your Spells              Type           Power        Failure   Level  Hunger
a - Pain                  Necr           ###...       2%          1    None
b - Animate Skeleton      Necr           N/A          2%          1    None

Your spell library contained the following spells:

 Spells                   Type           Power        Failure   Level  Hunger
 Vampiric Draining        Necr           ###.......   8%          3    ####...
 Agony                    Necr           ###.....     26%         4    ######.
 Animate Dead             Necr           N/A          26%         4    ######.
 Dispel Undead            Necr           ###.....     56%         5    #######


Dungeon Overview and Level Annotations

Branches:
Dungeon (3/12)

Altars:
Dithmenos
Ru


Innate Abilities, Weirdness & Mutations

You have sharp fingernails.
You have razor-sharp teeth.
You have supernaturally acute eyesight. (SInv)
You can survive without breathing.


Message History

The worker ant bites you!
You are poisoned.
The worker ant poisons you! The worker ant bites you!
You are too injured to fight recklessly!
The orc shouts!
You hit the worker ant but do no damage.
You feel sick. The worker ant barely misses you.
You barely miss the worker ant.
* * * LOW HITPOINT WARNING * * *
You feel sick. The worker ant barely misses you.
You hit the worker ant.
You bite the worker ant, but do no damage.
The worker ant is lightly wounded.
The worker ant bites you.
* * * LOW HITPOINT WARNING * * *
You closely miss the worker ant.
The worker ant is lightly wounded.
* * * LOW HITPOINT WARNING * * *
You feel sick. The worker ant bites you.
You die... .## ###.. ##.... .... .. .... .... ##. #.o. ...... ... oo#

...... .. #a# ......
#####.##@######.....
.......#..(....<# #
.......##......##.#
..................#
.......##......##########
....................>....
...####.########..#######
.. #. #).#รท..... . #
#..#.#####


You could see a worker ant and 3 orcs.

Vanquished Creatures
  A worm (D:1)
  A dart slug (D:1)
  5 leopard geckos
  2 giant cockroaches
  2 goblins (D:1)
  5 hobgoblins
  2 jackals (D:2)
  A quokka (D:2)
  A ball python (D:1)
  A bat (D:2)
  A frilled lizard (D:3)
  3 kobolds
  6 rats
31 creatures vanquished.

Vanquished Creatures (collateral kills)
  A hobgoblin (D:1)
1 creature vanquished.

Grand Total: 32 creatures vanquished

Notes
Turn   | Place    | Note
-------+----------+-------------------------------------------
     0 | D:1      | Dulis131 the Vampire Necromancer began the quest for the
                  | Orb.
     0 | D:1      | Reached XP level 1. HP: 13/13 MP: 3/3
   254 | D:1      | Reached XP level 2. HP: 12/19 MP: 0/5
   588 | D:1      | Reached skill level 5 in Necromancy
  1082 | D:2      | Found a faded altar of an unknown god.
  1120 | D:2      | Reached XP level 3. HP: 20/24 MP: 6/6
  1211 | D:2      | Found a shadowy altar of Dithmenos.
  1789 | D:2      | Found a sacrificial altar of Ru.
  2013 | D:3      | Slain by a worker ant

Skill      XL: |  1  2 |
---------------+-------+-----
Necromancy     | 5 |  5.1
Fighting       | |  0.1
Dodging        | |  2.5
Stealth        | |  3.6
Spellcasting   | |  2.4

Action                   || total
-------------------------++-------
Melee: Dagger            ||    83
       Bite              ||     7
 Cast: Pain              ||    28
       Animate Skeleton  ||     2
 Stab: Sleeping          ||     8
  Eat: Corpse            ||     8
Armor: Robe              ||     9
Dodge: Dodged            ||    48
